 Dungeon Crawl Stone Soup version 0.29-a0-72-g1732ff48e7 (webtiles) character file.

Game seed: 11988081030646618711

136 bande the Covered (level 5, -7/33 HPs)
             Began as a Gargoyle Fighter on Feb 4, 2022.
             Mangled by an ogre (19 damage)
             ... on level 3 of the Dungeon.
             The game lasted 00:03:30 (2661 turns).

bande the Covered (Gargoyle Fighter)                Turns: 2661, Time: 00:03:32

Health: -7/33      AC: 11    Str: 20    XL:     5   Next: 19%
Magic:  5/5        EV:  9    Int:  8    God:
Gold:   99         SH:  4    Dex: 11    Spells: 4/4 levels left

rFire   . . .      SeeInvis .   a - +1 war axe
rCold   . . .      Faith    +   c - +0 buckler
rNeg    + . .      Spirit   .   b - +0 scale mail
rPois   ∞          Reflect  .   (no helmet)
rElec   +          Harm     .   (no cloak)
rCorr   +          Rampage  .   (no gloves)
Will    .....                   (no boots)
Stlth   ..........              f - amulet of faith
HPRegen 0.11/turn               h - ring of resist corrosion
MPRegen 0.09/turn               (no ring)

@: no status effects
A: sickness immunity, AC +4, negative energy resistance 1, electricity
resistance, torment resistance 1, petrification resistance
a: no special abilities


You were on level 3 of the Dungeon.
You visited 1 branch of the dungeon, and saw 3 of its levels.

You collected 99 gold pieces.

Inventory:

Hand Weapons
 a - a +1 war axe (weapon)
 j - a +0 vorpal flail
Armour
 b - a +0 scale mail (worn)
 c - a +0 buckler (worn)
Jewellery
 f - an amulet of faith (around neck)
 h - a ring of resist corrosion (left hand)
Potions
 d - a potion of might
 e - 2 potions of ambrosia {unknown}
 g - 2 potions of cancellation {unknown}
 i - 2 potions of degeneration {unknown}


   Skills:
 + Level 3.9 Fighting
 + Level 3.4 Axes
 + Level 4.1 Armour
 + Level 3.8 Shields


You had 4 spell levels left.
You didn't know any spells.
Your spell library contained the following spells:

 Spells                   Type           Power      Damage    Failure   Level
 Frozen Ramparts          Ice            0%         1d2       99%         3
 Ice Form                 Ice/Tmut       0%         N/A       100%        4
 Summon Ice Beast         Ice/Summ       0%         N/A       100%        4


Dungeon Overview and Level Annotations

Branches:
Dungeon (3/15)

Altars:
Qazlal


Innate Abilities, Weirdness & Mutations

You are immune to sickness and miasma.
Your stone body is resilient. (AC +4)
You are immune to poison.
You resist negative energy. (rN+)
You are resistant to electric shocks. (rElec)
You are resistant to unholy torment.
You are immune to petrification.


Message History

You start waiting.
Done waiting.
A giant cockroach comes into view.
Unknown command.
The giant cockroach waves its antennae.
You slash the giant cockroach!
You kill the giant cockroach!
You see here a giant cockroach corpse.
You see here a giant cockroach corpse.
There is a stormy altar of Qazlal here.
Things that are here:
a +0 falchion; a +0 leather armour; an orc skeleton You see here a +0 hand axe.
Things that are here:
a +0 falchion; a +0 leather armour; an orc skeleton You see here a ball python skeleton.
You see here a rat skeleton.
Items here: ))) [[ ÷.
As you open the door, it creaks loudly!
There is an open door here.
An ogre comes into view. It is wielding a +0 giant spiked club.
The ogre shouts!
A quokka comes into view.
You slash the ogre!
The ogre is heavily wounded.
The ogre hits you with a +0 giant spiked club.
You barely miss the ogre.
The ogre is heavily wounded.
The ogre hits you with a +0 giant spiked club!
You hit the ogre.
The ogre is severely wounded.
An orc comes into view. It is wielding a +0 dagger.
The ogre barely misses you.
The orc shouts!
You hit the ogre but do no damage.
The ogre is severely wounded.
An orc comes into view. It is wielding a +0 club.
The ogre hits you with a +0 giant spiked club!!
Ouch! That really hurt!
You die...

# # # # ##### #....
#....
#.##################....
.o...rO@...........'....
#o##############.###....
#.# ####. #.# #. #.#
###. #.# #... #.# #...
#.# #... #.# #...


You could see an ogre, 2 orcs and a quokka.

Vanquished Creatures
  An orc priest (D:3)
  An iguana (D:1)
  2 adders (D:2)
  A worm (D:1)
  2 dart slugs (D:1)
  4 orcs (D:3)
  5 bats
  4 endoplasms (D:1)
  3 giant cockroaches
  A goblin (D:1)
  5 hobgoblins
  2 jackals (D:2)
  2 kobolds (D:1)
  A quokka (D:1)
  7 ball pythons
  3 frilled lizards
  9 rats
53 creatures vanquished.

Notes
Turn   | Place    | Note
-------+----------+-------------------------------------------
     0 | D:1      | bande the Gargoyle Fighter began the quest for the Orb.
     0 | D:1      | Reached XP level 1. HP: 14/14 MP: 1/1
    96 | D:1      | Reached XP level 2. HP: 19/19 MP: 2/2
   387 | D:1      | Found a faded altar of an unknown god.
   425 | D:1      | Reached XP level 3. HP: 13/23 MP: 3/3
   891 | D:1      | Reached XP level 4. HP: 3/29 MP: 4/4
  2019 | D:2      | Reached skill level 4 in Armour
  2312 | D:3      | Found a stormy altar of Qazlal.
  2328 | D:3      | Reached XP level 5. HP: 32/33 MP: 5/5
  2654 | D:3      | Noticed an ogre
  2661 | D:3      | Mangled by an ogre

Illustrated notes

Levels and vault maps discovered:
D:1:      onia_arrival_handbag, layout_basic,
          hellmonk_ecumenical_altar_inner_sanctum
D:2:      layout_loops_cross
D:3:      layout_basic, old_standard_altar, mainiacjoe_overflow_surrounded_room,
          nicolae_qazlal_scattered_showers, mainiacjoe_overflow_brackets,
          minmay_mini_jars

Skill      XL: |  1  2  3  4 |
---------------+-------------+-----
Axes           | 2 3 |  3.4
Armour         | 4 |  4.1
Fighting       | |  3.9
Shields        | |  3.8

Action                   |  1- 3 |  4- 6 || total
-------------------------+-------+-------++-------
Melee: War axe           |    73 |    56 ||   129
  Use: Scroll            |     2 |     2 ||     4
Armor: Scale mail        |    36 |    29 ||    65
Dodge: Dodged            |    30 |    28 ||    58
Block: Buckler           |    16 |     9 ||    25

Table legend: (Time is in decaauts)
 A = Elapsed time spent in this place.
 B = Non-inter-level travel time spent in this place.
 C = Inter-level travel time spent in this place.
 D = Time resting spent in this place.
 E = Time spent auto-exploring this place.
 F = Levels seen in this place.
 G = Mean time per level.
                   A        B        C        D        E       F      G
               +--------+--------+--------+--------+--------+-----+--------+
         Total |   2715 |   2688 |     27 |   1012 |   1225 |   3 |  905.0 |
       Dungeon |   2715 |   2688 |     27 |   1012 |   1225 |   3 |  905.0 |
               +--------+--------+--------+--------+--------+-----+--------+

Top non-repeatable levels by time:
     D:1: 1608 daAuts
     D:2: 723 daAuts
     D:3: 383 daAuts
